 Dungeon Crawl Stone Soup version 0.30.0-15-g856e2d3f33 (webtiles) character file.

Game seed: 14595412794595229176

1128 zlionsfan the Covered (level 8, 0/69 HPs)
             Began as a Minotaur Fighter on May 18, 2023.
             Was a Believer of Fedhas.
             Slain by an ogre
             ... wielding a +0 giant club
              (30 damage)
             ... on level 5 of the Dungeon.
             The game lasted 00:10:34 (4252 turns).

zlionsfan the Covered (Minotaur Fighter)            Turns: 4252, Time: 00:10:35

Health: 0/69       AC:  7    Str: 22    XL:     8   Next: 13%
Magic:  2/2        EV: 10    Int:  5    God:    Fedhas [**....]
Gold:   131        SH:  4    Dex: 11    Spells: 7/7 levels left

rFire   + . .        t - +2 war axe (antimagic)
rCold   . . .        c - +0 buckler
rNeg    . . .        b - +0 scale mail
rPois   .            (helmet restricted)
rElec   .            (no cloak)
rCorr   .            (no gloves)
SInv    .            (no boots)
Will    +....        j - amulet of the acrobat Stlth
                     h - ring of protection from fire
HPRegen 0.31/turn    q - ring of willpower
MPRegen 0.08/turn

%: acrobat
@: no status effects
A: horns 2, retaliatory headbutt
a: Renounce Religion, Wall of Briars


You were on level 5 of the Dungeon.
You worshipped Fedhas.
Fedhas was pleased with you.
You visited 1 branch of the dungeon, and saw 5 of its levels.

You collected 131 gold pieces.

Inventory:

Hand Weapons
 a - a +0 flail
 t - a +2 antimagic war axe (weapon)
Missiles
 k - 3 boomerangs (quivered)
Armour
 b - a +0 scale mail (worn)
 c - a +0 buckler (worn)
Jewellery
 h - a ring of protection from fire (left hand)
 j - an amulet of the acrobat (around neck)
 q - a ring of willpower (right hand)
 u - a ring of positive energy
Scrolls
 d - 2 scrolls of teleportation
 i - a scroll of immolation
 m - 4 scrolls of fog
 o - a scroll of vulnerability
 p - a scroll of amnesia
 s - a scroll of poison {unknown}
Potions
 e - 3 potions of brilliance
 f - a potion of might
 g - a potion of curing
 l - 2 potions of flight
 n - a potion of berserk rage {unknown}
 r - a potion of haste


   Skills:
 * Level 5.6 Fighting
 * Level 3.6(5.7) Axes
 + Level 6.9(7.3) Maces & Flails
 + Level 0.1 Throwing
 * Level 7.2 Armour
 + Level 2.6 Dodging
 + Level 4.3 Shields


You had 7 spell levels left.
You didn't know any spells.
Your spell library contained the following spells:

 Spells                   Type           Power      Damage    Failure   Level
 Necrotise                Necr           0%         1d4       83%         1
 Call Canine Familiar     Summ           0%         N/A       99%         3
 Portal Projectile        Hex/Tloc       0%         N/A       99%         3
 Summon Guardian Golem    Hex/Summ       0%         N/A       99%         3
 Vampiric Draining        Necr           0%         2d6       99%         3
 Animate Armour           Summ/Erth      0%         N/A       100%        4
 Dispel Undead            Necr           0%         3d6       100%        4
 Leda's Liquefaction      Hex/Erth       0%         N/A       100%        4
 Summon Lightning Spire   Summ/Air       0%         N/A       100%        4
 Agony                    Necr           0%         N/A       100%        5
 Summon Forest            Summ/Tloc      0%         N/A       100%        5
 Storm Form               Tmut/Air       0%         N/A       100%        7
 Maxwell's Capacitive Co  Air            0%         ∞         100%        8


Dungeon Overview and Level Annotations

Branches:
Dungeon (5/15)             Temple (0/1) D:4

Altars:
Fedhas
Vehumet
Yredelemnul

Shops:
D:3 (


Innate Abilities, Weirdness & Mutations

You have a pair of horns on your head.
You reflexively headbutt those who attack you in melee.


Message History

You slash the gnoll! Your headbutt misses the gnoll.
The gnoll is heavily wounded.
You block the gnoll's attack. The gnoll hits you with a +0 flail.
You slash the gnoll!
You kill the gnoll!
Fedhas appreciates your contribution to the ecosystem.
Things that are here:
a +0 flail; a gnoll corpse
Found 3 poisoned darts.
An ice beast is nearby!
An ogre comes into view. It is wielding a +0 giant club.
You slash the ice beast!
The ice beast is heavily wounded.
The ice beast hits you but does no damage.
You closely miss the ice beast. You headbutt the ice beast!
The ice beast is almost dead.
The ice beast hits you but does no damage.
You slash the ice beast!
You kill the ice beast!
Fedhas accepts your kill.
Your base Axes skill increases to level 3!
You hit the ogre.
The ogre is lightly wounded.
The ogre hits you with a +0 giant club!!
You hit the ogre.
The ogre is moderately wounded.
The ogre closely misses you.
You hit the ogre.
The ogre is moderately wounded.
The ogre hits you but does no damage.
You hit the ogre.
The ogre is heavily wounded.
The ogre hits you with a +0 giant club!!
You barely miss the ogre.
The ogre is heavily wounded.
You slash the ogre!
The ogre is almost dead.
The ogre hits you with a +0 giant club!!
You die...
Fedhas appreciates your contribution to the ecosystem.

#........##### .
#......?. .##
......####...
#........#
#........###
#.......(... . .
#........###
....###........#
......O@.......#
.....#.........#
...........#####
....#..##..# #.
... #.. #.####
.### .. #..
#....# ..# . #..
#.##.#####.# #..
#.##.....#.#####
#.######.#......


You could see an ogre.

Vanquished Creatures
  Grinder (D:4)
  Eustachio (D:4)
  An ice beast (D:5)
  A scorpion (D:4)
  A howler monkey (D:4)
  3 jellies (D:5)
  A hound (D:4)
  An orc priest (D:4)
  A gnoll bouda (D:5)
  4 iguanas (D:4)
  Robin (D:4)
  5 adders
  19 gnolls
  A worm (D:3)
  2 dart slugs (D:2)
  5 orcs
  3 ball pythons
  3 bats
  5 endoplasms
  2 giant cockroaches
  14 goblins
  8 hobgoblins
  2 quokkas (D:3)
  3 frilled lizards
  6 kobolds
  6 rats
  A spectral kobold (D:2)
101 creatures vanquished.

Vanquished Creatures (others)
  A sleepcap (D:4)
1 creature vanquished.

Grand Total: 102 creatures vanquished

Notes
Turn   | Place    | Note
-------+----------+-------------------------------------------
     0 | D:1      | zlionsfan the Minotaur Fighter began the quest for the Orb.
     0 | D:1      | Reached XP level 1. HP: 19/19 MP: 0/0
   197 | D:1      | Reached XP level 2. HP: 27/27 MP: 1/1
   652 | D:2      | Reached XP level 3. HP: 29/33 MP: 2/2
   659 | D:2      | Reached skill level 1 in Dodging
   753 | D:2      | Reached skill level 4 in Armour
   761 | D:2      | You fall into a shaft and drop 2 floors!
   828 | D:4      | Reached XP level 4. HP: 40/40 MP: 3/3
   854 | D:4      | Noticed Eustachio
   896 | D:5      | Entered Level 5 of the Dungeon
   896 | D:5      | Noticed a two-headed ogre
   971 | D:4      | Noticed Grinder
   976 | D:4      | Paralysed by Grinder for 3 turns
   986 | D:4      | Reached XP level 5. HP: 7/46 MP: 4/4
  1056 | D:4      | Reached skill level 5 in Maces & Flails
  1093 | D:4      | Reached skill level 5 in Armour
  1095 | D:4      | Killed Grinder
  1096 | D:4      | Reached XP level 6. HP: 13/53 MP: 5/5
  1395 | D:2      | Found a faded altar of an unknown god.
  1403 | D:2      | Prayed at the altar of an unknown god.
  1403 | D:2      | Became a worshipper of Fedhas Madash
  1403 | D:2      | Reached * piety under Fedhas
  1899 | D:3      | Found a radiant altar of Vehumet.
  1933 | D:3      | Got Ischefar's Omnibus of the Necrotic Congregation
  2091 | D:3      | Found Decrimni's Antique Weapon Shoppe.
  2636 | D:4      | Noticed Robin
  2647 | D:4      | Reached ** piety under Fedhas
  2687 | D:4      | Found a staircase to the Ecumenical Temple.
  2710 | D:4      | Reached skill level 6 in Armour
  2710 | D:4      | Reached XP level 7. HP: 12/60 MP: 2/6
  2776 | D:4      | Reached skill level 5 in Fighting
  2978 | D:4      | Killed Eustachio
  3435 | D:4      | Killed Robin
  3582 | D:4      | Reached skill level 1 in Axes
  3706 | D:5      | Found a basalt altar of Yredelemnul.
  3989 | D:5      | Reached skill level 7 in Armour
  4178 | D:5      | Reached XP level 8. HP: 69/69 MP: 2/7
  4252 | D:5      | Slain by an ogre

Illustrated notes

Levels and vault maps discovered:
D:1:      dpeg_arrival_chambers_temple_mockup, layout_basic
D:2:      layout_loops_ring, dreamdust_ecumenical_altar_drowned_temple,
          st_stairs_6, chequers_avenue
D:3:      layout_loops_cross, nicolae_vehumet_radiance, serial_shops, shop
D:4:      layout_basic, minmay_temple_entry_crystal_x, mrwooster_statue_mirror,
          wad_woods_river_04, uniq_grinder, uniq_robin, uniq_eustachio
D:5:      layout_rooms, nicolae_overflow_squiral, mainiacjoe_overflow_paths,
          sigmund_edmund_badplayer

Skill      XL: |  1  2  3  4  5  6  7  8 |
---------------+-------------------------+-----
Fighting       | 4 5 |  5.6
Maces & Flails | 3 4 6 |  6.9
Dodging        | 1 2 |  2.6
Armour         | 4 5 6 7 |  7.2
Shields        | 4 |  4.3
Axes           | 2 3 |  3.6
Throwing       | |  0.1

Action                     |  1- 3 |  4- 6 |  7- 9 || total
---------------------------+-------+-------+-------++-------
  Melee: Flail             |    58 |   132 |    33 ||   223
         Headbutt          |     6 |    20 |    17 ||    43
         War axe           |       |       |    60 ||    60
  Throw: Boomerang         |     3 |       |       ||     3
    Use: Scroll            |       |    12 |     3 ||    15
         Potion            |       |     3 |       ||     3
 Armour: Scale mail        |    25 |    62 |    23 ||   110
  Dodge: Dodged            |    40 |   144 |    47 ||   231
  Block: Buckler           |    15 |    34 |    18 ||    67
